 Dungeon Crawl Stone Soup version 0.17.0-28-g6e173f8 (webtiles) character file.

121 septik the Magician (level 4, -2/24 HPs)
             Began as a Deep Elf Fire Elementalist on Nov 22, 2015.
             Slain by a sky beast (5 damage)
             ... on level 3 of the Dungeon.
             The game lasted 00:05:28 (1740 turns).

septik the Magician (Deep Elf Fire Elementalist)    Turns: 1740, Time: 00:05:28

Health: -2/24      AC:  3    Str:  5    XL:     4   Next: 76%
Magic:  4/12       EV: 13    Int: 21    God:
Gold:   62         SH:  0    Dex: 15    Spells: 1 memorised, 11 levels left

rFire  . . .     SeeInvis .     (no weapon)
rCold  . . .     Clarity  .     a - +0 robe
rNeg   . . .     SustAt   .     (no shield)
rPois  .         Gourm    .     m - +0 helmet
rElec  .         Spirit   .     (no cloak)
rCorr  .         Warding  .     (no gloves)
rMut   .         Stasis   .     (no boots)
MR     .....                    (no amulet)
Stlth  ++........               (no ring)
                                (no ring)

@: not resistant to hostile enchantments, unstealthy
A: no striking features
a: no special abilities


You were on level 3 of the Dungeon.
You were not hungry.

You visited 1 branch of the dungeon, and saw 3 of its levels.

You collected 62 gold pieces.

Inventory:

Missiles
 h - a throwing net (quivered)
 k - 83 stones
 v - 4 poisoned javelins
Armour
 a - a +0 robe (worn)
 m - a +0 helmet (worn)
Jewellery
 g - an uncursed ring of poison resistance {unknown}
 w - a cursed -5 ring of dexterity {unknown}
Scrolls
 e - 2 scrolls of teleportation {unknown}
 j - a scroll of recharging {unknown}
 o - a scroll of fear {unknown}
 r - a scroll of noise {unknown}
 s - a scroll of fog {unknown}
 t - a scroll of identify {unknown}
Potions
 d - a potion of flight {unknown}
 i - a potion of might {unknown}
 p - a potion of invisibility {unknown}
 q - a potion of heal wounds {unknown}
Books
 b - a book of Flames

   Spells                             Type                      Level
   a - Flame Tongue                   Conjuration/Fire             1
   b - Throw Flame                    Conjuration/Fire             2
   c - Conjure Flame                  Conjuration/Fire             3
   d - Inner Flame                    Hexes/Fire                   3
   e - Sticky Flame                   Conjuration/Fire             4
   f - Fireball                       Conjuration/Fire             5
Comestibles
 c - 5 bread rations
 f - 14 chunks of flesh
 l - a beef jerky
 n - 2 meat rations
 u - 2 fruits


   Skills:
 - Level 2.4 Dodging
 - Level 2.4 Stealth
 + Level 4.6 Spellcasting
 + Level 2.9 Conjurations
 + Level 4.4 Fire Magic


You had 11 spell levels left.
You knew the following spells:

 Your Spells              Type           Power        Failure   Level  Hunger
a - Flame Tongue          Conj/Fire      ###..        2%          1    None


Dungeon Overview and Level Annotations

Branches:
Dungeon (3/15)

Altars:
Ru


Message History

You butcher the rat corpse.
f - 14 chunks of flesh (gained 1)
There isn't anything here!
There isn't anything here!
The sky beast misses you.
You see here a hobgoblin corpse.
You butcher the hobgoblin corpse.
The sky beast flickers out of sight!
Deactivating autopickup; reactivate with Ctrl-A.
Something hits you. Something shocks you.
An orc comes into view.
You see here 4 chunks of flesh.
Something hits you. Something shocks you.
* * * LOW HITPOINT WARNING * * *
A sky beast appears from thin air!
Reactivating autopickup.
Your magical contamination has completely faded away.
The sky beast hits you.
* * * LOW HITPOINT WARNING * * *
The sky beast shocks you.
You die...

...## #......# ....#
#......# ###.##
#......# #..# #......#
#.. ##.## ###'##.# #..
#..# #.##.# #.. ##.#
#.##.#####.#
#.#####'##.....#.#
#..#.....#..@).#.#
##.#.....#...Y.#.####
#............§.%...#
##.######.#####..o.....
#.## #.# ####.#### #..#
#.# .. ##.## #. .# #÷.#
# #....#.## .#


You could see a sky beast and an orc (wandering).

Vanquished Creatures
  A scorpion (D:3)
  2 adders
  2 worms
  4 giant geckos
  7 bats
  11 hobgoblins
  2 kobolds
  6 giant newts
  8 goblins
  9 rats
52 creatures vanquished.

Notes
Turn   | Place    | Note
--------------------------------------------------------------
     0 | D:1      | septik the Deep Elf Fire Elementalist began the quest for the Orb.
     0 | D:1      | Reached XP level 1. HP: 10/10 MP: 6/6
   261 | D:1      | Reached XP level 2. HP: 15/15 MP: 4/8
   662 | D:2      | Reached XP level 3. HP: 13/19 MP: 0/10
  1010 | D:2      | Found a sacrificial altar of Ru.
  1020 | D:2      | Reached skill level 4 in Fire Magic
  1446 | D:3      | Noticed a scorpion
  1453 | D:3      | Killed a scorpion
  1453 | D:3      | Reached XP level 4. HP: 24/24 MP: 7/12
  1717 | D:3      | Noticed a sky beast
  1740 | D:3      | Slain by a sky beast

Action                   |  1- 3 |  4- 6 || total
-------------------------+-------+-------++-------
Melee: Unarmed           |     2 |       ||     2
 Cast: Flame Tongue      |    64 |    35 ||    99
  Eat: Chunk             |     1 |     1 ||     2
